Map: Cactus Valley LE (Void)

Players

NORTHAMERICA - Winner!

  • Race: Protoss Protoss
  • League: Grandmaster
  • Spawn Location: 5:00

티아코스모스

  • Race: Zerg Zerg
  • League: Grandmaster
  • Spawn Location: 7:00

VOD

Have the link to the VOD?

Description

Time

  • Played on: March 20, 2017, 2:51 a.m.
  • Length: 26:43
Show
View Real Time Build Order
Export as new Build Order

NORTHAMERICA Protoss - Winner!

Build Orders: 1 Gate Expand, Oracle Opening 

Get SALT Encoding   

  12  0:02  Probe (Chrono Boost)  
  13  0:12  Probe (Chrono Boost)  
  14  0:21  Pylon  
  14  0:23  Probe (Chrono Boost)  
  15  0:39  Probe (Chrono Boost)  
  16  0:44  Gateway  
  16  0:49  Probe (Chrono Boost)  
  17  0:51  Assimilator  
  17  1:00  Probe (Chrono Boost)  
  18  1:10  Probe (Chrono Boost)  
  19  1:24  Nexus  
  19  1:33  Cybernetics Core  
  19  1:37  Probe (Chrono Boost)  
  20  1:44  Assimilator  
  20  1:48  Probe (Chrono Boost)  
  23  2:04  Pylon  
  23  2:07  Pylon  
  21  2:21  Pylon  
  23  2:23  Mothership Core (Chrono Boost)  
  23  2:38  Gateway  
  23  2:39  Probe (Chrono Boost)  
  25  2:44  Probe (Chrono Boost)  
  25  2:49  Probe (Chrono Boost)  
  26  2:52  Pylon  
  26  3:00  Probe (Chrono Boost)  
  26  3:04  Probe (Chrono Boost)  
  28  3:12  Stargate  
  28  3:15  Probe (Chrono Boost)  
  28  3:18  Warp Gate  
  29  3:21  Probe (Chrono Boost)  
  29  3:25  Probe (Chrono Boost)  
  31  3:32  Probe (Chrono Boost)  
  32  3:36  Probe (Chrono Boost)  
  32  3:42  Probe (Chrono Boost)  
  32  3:45  Stalker  
  32  3:46  Probe (Chrono Boost)  
  36  3:53  Probe (Chrono Boost)  
  37  3:57  Oracle  
  37  3:58  Probe (Chrono Boost)  
  41  4:03  Probe (Chrono Boost)  
  43  4:10  Probe (Chrono Boost)  
  43  4:11  Gateway  
  43  4:14  Gateway  
  43  4:19  Probe (Chrono Boost)  
  45  4:24  Probe (Chrono Boost)  
  45  4:25  Pylon  
  45  4:30  Probe (Chrono Boost)  
  46  4:32  Void Ray  
  51  4:38  Probe (Chrono Boost)  
  51  4:46  Pylon  
  51  4:49  Pylon  
  51  4:51  Probe (Chrono Boost)  
  53  4:53  Probe (Chrono Boost)  
  53  5:03  Probe (Chrono Boost)  
  54  5:11  Probe (Chrono Boost)  
  54  5:13  Probe (Chrono Boost)  
  56  5:15  Robotics Facility  
  56  5:20  Forge  
  56  5:21  Adept x3  
  60  5:22  Probe (Chrono Boost)  
  63  5:29  Probe (Chrono Boost)  
  64  5:37  Nexus  
  64  5:38  Pylon  
  64  5:41  Adept  
  64  5:42  Adept x2  
  70  5:47  Probe (Chrono Boost)  
  71  5:56  Probe (Chrono Boost)  
  72  5:58  Probe (Chrono Boost), Protoss Ground Weapons Level 1  
  72  5:59  Assimilator  
  72  6:04  Assimilator  
  73  6:07  Probe (Chrono Boost), Robotics Bay  
  73  6:09  Gateway  
  74  6:22  Probe (Chrono Boost)  
  75  6:28  Immortal  
  75  6:31  Probe (Chrono Boost)  
  75  6:32  Probe (Chrono Boost)  
  75  6:34  Gateway  
  75  6:37  Sentry  
  75  6:38  Gateway  
  75  6:39  Adept x2  
  77  6:45  Probe (Chrono Boost)  
  76  6:48  Pylon  
  76  6:51  Probe (Chrono Boost)  
  76  6:52  Pylon  
  76  6:53  Pylon  
  77  6:55  Photon Cannon  
  77  6:56  Probe (Chrono Boost)  
  79  7:01  Probe (Chrono Boost)  
  79  7:02  Pylon, Disruptor  
  79  7:03  Probe (Chrono Boost)  
  79  7:07  Probe (Chrono Boost), Adept  
  86  7:13  Adept, Pylon  
  84  7:15  Sentry  
  84  7:20  Adept  
  88  7:29  Probe (Chrono Boost)  
  89  7:33  Disruptor  
  89  7:34  Stalker x2  
  89  7:35  Gateway  
  93  7:39  Zealot  
  93  7:41  Zealot  
  100  7:45  Probe (Chrono Boost)  
  100  7:46  Assimilator  
  100  7:48  Stalker x2  
  100  7:50  Assimilator  
  105  7:59  Stalker x2  
  105  8:00  Stalker  
  107  8:11  Disruptor  
  107  8:13  Photon Cannon  
  107  8:16  Photon Cannon  
  107  8:18  Probe (Chrono Boost)  
  111  8:21  Adept  
  111  8:22  Adept x2  
  111  8:26  Twilight Council  
  117  8:31  Photon Cannon  
  117  8:32  Photon Cannon  
  117  8:35  Pylon  
  117  8:37  Stalker x3  
  123  8:42  Disruptor  
  123  8:47  Blink  
  126  8:50  Adept  
  126  8:51  Adept x3  
  134  9:01  Probe (Chrono Boost)  
  135  9:06  Adept x3  
  141  9:14  Adept x2  
  141  9:15  Adept x2  
  149  9:27  Pylon x2  
  149  9:29  Pylon x2  
  147  9:42  Stalker  
  147  9:43  Stalker x5  
  131  9:58  Adept  
  131  9:59  Disruptor  
  129  10:02  Photon Cannon  
  129  10:03  Photon Cannon  
  132  10:08  Photon Cannon  
  128  10:21  Stalker  
  128  10:22  Stalker x5  
  134  10:30  Disruptor  
  134  10:34  Probe (Chrono Boost)  
  132  10:48  Mothership Core (Chrono Boost)  
  132  10:49  Resonating Glaives  
  134  10:50  Nexus  
  134  10:52  Pylon  
  132  10:58  Stalker x2  
  132  10:59  Stalker x4  
  132  11:03  Observer  
  141  11:19  Disruptor  
  144  11:26  Stalker x4  
  144  11:27  Stalker x2  
  150  11:48  Stalker, Nexus  
  150  11:49  Stalker x2  
  150  11:50  Stalker x3  
  150  11:51  Pylon  
  157  12:01  Observer  
  155  12:05  Oracle  
  155  12:07  Robotics Facility  
  156  12:14  Photon Cannon  
  156  12:15  Photon Cannon  
  156  12:21  Stalker x4  
  164  12:26  Adept x2  
  164  12:28  Disruptor  
  168  12:36  Probe (Chrono Boost)  
  173  12:38  Probe (Chrono Boost), Zealot  
  173  12:43  Pylon  
  175  12:47  Adept  
  175  12:48  Adept  
  177  12:55  Disruptor  
  178  13:03  Stalker x2  
  178  13:04  Stalker  
  168  13:14  Disruptor  
  167  13:27  Stalker  
  167  13:28  Stalker  
  166  13:44  Disruptor  
  169  13:55  Disruptor  
  165  14:10  Assimilator  
  165  14:13  Assimilator  
  165  14:14  Dark Shrine  
  165  14:17  Oracle  
  164  14:24  Disruptor  
  164  14:26  Disruptor  
  167  14:32  Adept  
  168  14:52  Stalker x3  
  167  14:53  Stalker x2  
  167  14:59  Oracle  
  172  15:08  Disruptor  
  172  15:09  Disruptor  
  146  15:31  Stalker x3  
  146  15:32  Stalker  
  143  15:53  Dark Templar  
  143  15:55  Dark Templar  
  143  15:56  Nexus  
  144  16:03  Dark Templar  
  143  16:07  Pylon  
  143  16:08  Observer  
  133  16:31  Stalker x3  
  133  16:32  Stalker  
  123  16:33  Stalker  
  118  16:44  Dark Templar  
  120  16:50  Probe (Chrono Boost)  
  120  16:52  Zealot  
  123  16:56  Photon Cannon  
  123  16:57  Probe (Chrono Boost), Pylon  
  124  17:04  Probe (Chrono Boost)  
  121  17:10  Probe (Chrono Boost)  
  121  17:12  Probe (Chrono Boost)  
  121  17:15  Dark Templar x2  
  127  17:25  Probe (Chrono Boost)  
  128  17:31  Stalker x4  
  136  17:38  Assimilator  
  136  17:42  Disruptor  
  100  17:54  Zealot x3  
  100  17:55  Zealot x3  
  100  17:58  Disruptor  
  115  18:15  Dark Templar, Disruptor  
  115  18:17  Probe (Chrono Boost)  
  121  18:20  Archon  
  121  18:26  Stalker x2  
  121  18:27  Stalker x3  
  127  18:30  Disruptor  
  129  18:56  Dark Templar  
  131  19:03  Dark Templar x2  
  131  19:08  Nexus  
  135  19:10  Archon  
  135  19:16  Adept x4  
  130  19:25  Observer  
  124  19:38  Stalker x4  
  128  19:40  Zealot x2  
  128  19:41  Zealot  
  128  19:44  Probe (Chrono Boost)  
  139  19:58  Disruptor  
  139  20:00  Disruptor  
  139  20:07  Zealot x6  
  147  20:08  Zealot  
  133  20:29  Disruptor  
  108  21:11  Stalker  
  108  21:12  Stalker x5  
  108  21:13  Stalker  
  115  21:36  Disruptor  
  118  21:53  Observer  
  114  22:21  Disruptor  
  97  23:05  Disruptor  
  70  23:51  Nexus  
  63  24:28  Disruptor  
  60  24:33  Stalker x2  
  67  24:48  Pylon  
  67  25:18  Dark Templar  
  65  25:25  Observer  
  65  25:40  Dark Templar x2  
  67  25:47  Archon  
  63  26:01  Stalker x2  
Show
View Real Time Build Order
Export as new Build Order

티아코스모스 Zerg 

Build Orders: Pool First, Lurkers 

Get SALT Encoding   

  12  0:00  Drone  
  13  0:21  Spawning Pool  
  13  0:24  Drone  
  13  0:29  Drone  
  14  0:35  Drone, Extractor  
  15  0:43  Overlord  
  15  1:08  Zergling x6  
  18  1:19  Hatchery, Zergling x2  
  18  1:29  Queen  
  20  1:35  Drone  
  21  1:45  Zergling x2  
  22  1:55  Overlord  
  22  2:06  Hatchery  
  21  2:14  Drone x2  
  23  2:35  Queen, Overlord  
  23  2:36  Drone  
  26  2:39  Extractor  
  26  2:41  Drone  
  26  2:44  Drone  
  26  2:49  Drone  
  27  3:02  Drone  
  27  3:03  Drone x3  
  27  3:05  Drone  
  32  3:21  Drone  
  32  3:23  Queen  
  32  3:24  Drone  
  36  3:28  Drone  
  36  3:29  Drone x2  
  37  3:35  Drone  
  38  3:41  Drone  
  38  3:44  Overlord  
  38  3:45  Drone x2  
  38  3:47  Drone, Extractor  
  40  3:54  Drone x3  
  40  3:55  Drone  
  44  3:57  Drone  
  44  3:59  Drone  
  44  4:01  Drone  
  47  4:08  Lair  
  47  4:09  Drone  
  48  4:10  Drone  
  48  4:12  Drone  
  48  4:15  Drone  
  48  4:16  Drone  
  52  4:18  Drone  
  52  4:23  Queen  
  52  4:24  Extractor  
  54  4:27  Overlord  
  54  4:30  Overlord  
  54  4:34  Overlord  
  54  4:42  Spore Crawler  
  53  4:45  Spore Crawler  
  53  4:48  Drone x4  
  53  4:52  Drone x5  
  61  4:55  Spore Crawler  
  61  4:58  Drone  
  57  5:07  Drone x3  
  57  5:13  Hydralisk Den  
  59  5:14  Evolution Chamber, Drone x3  
  59  5:18  Drone  
  59  5:21  Metabolic Boost  
  62  5:23  Drone  
  62  5:24  Drone  
  62  5:26  Extractor  
  63  5:28  Overlord  
  63  5:29  Overlord x2  
  63  5:31  Drone  
  63  5:32  Drone  
  63  5:33  Drone  
  66  5:35  Drone  
  66  5:36  Drone  
  66  5:37  Drone  
  66  5:41  Zerg Missile Weapons Level 1  
  69  5:44  Muscular Augments  
  69  5:46  Hydralisk  
  71  5:54  Drone  
  71  5:55  Hydralisk x3  
  76  5:58  Drone  
  76  5:59  Hydralisk  
  76  6:00  Extractor  
  76  6:02  Hydralisk  
  76  6:03  Hydralisk  
  82  6:09  Hydralisk  
  82  6:15  Hydralisk x3  
  82  6:23  Hydralisk  
  76  6:29  Drone  
  74  6:36  Drone x3  
  73  6:40  Drone x2  
  73  6:41  Drone x7  
  81  6:49  Drone  
  81  6:52  Hydralisk  
  81  6:53  Hydralisk  
  86  6:54  Pneumatized Carapace  
  86  6:56  Overseer  
  86  6:59  Overlord  
  86  7:03  Drone x2  
  88  7:12  Hydralisk x3  
  94  7:16  Zergling x2  
  94  7:19  Drone  
  94  7:22  Drone x3  
  99  7:23  Drone x3  
  99  7:26  Hydralisk  
  99  7:27  Hydralisk  
  105  7:36  Overlord x2  
  105  7:38  Overlord  
  105  7:46  Zerg Missile Weapons Level 2  
  105  7:48  Drone  
  106  7:54  Hatchery  
  105  8:08  Hydralisk  
  105  8:09  Hydralisk  
  105  8:10  Zergling x2  
  105  8:11  Hydralisk x8  
  124  8:18  Overlord  
  124  8:19  Overlord  
  124  8:20  Overlord  
  124  8:22  Zergling x6  
  124  8:23  Zergling x2  
  128  8:35  Zergling x4  
  128  8:36  Zergling x4  
  128  8:37  Overlord  
  128  8:40  Overlord  
  132  8:51  Overlord  
  132  8:52  Zergling x12  
  132  8:54  Lurker Den  
  136  9:12  Zergling x2  
  136  9:16  Zergling x2  
  139  9:31  Zergling x2  
  139  9:35  Zergling x2  
  123  9:43  Hydralisk x10  
  123  9:44  Hydralisk x9  
  120  9:57  Hydralisk  
  120  9:58  Hydralisk x2  
  120  9:59  Zergling x2  
  116  10:00  Queen, Zergling x6  
  118  10:07  Zerg Melee Weapons Level 1  
  118  10:09  Zergling x6  
  117  10:28  Zergling x2  
  114  10:34  Lurker x3  
  114  10:35  Zergling x34  
  133  10:36  Lurker  
  135  10:45  Overseer, Zergling x2  
  135  10:49  Overlord x2  
  136  10:59  Hatchery  
  136  11:01  Overlord  
  136  11:02  Zergling x2  
  135  11:04  Overlord  
  135  11:09  Lurker x3  
  124  11:29  Hydralisk x5  
  124  11:30  Hydralisk x6  
  144  11:38  Lurker  
  121  11:56  Hydralisk  
  117  12:03  Hydralisk x3  
  117  12:04  Zergling x26  
  117  12:07  Zerg Melee Weapons Level 2  
  136  12:11  Drone  
  136  12:13  Extractor  
  136  12:14  Spine Crawler, Spore Crawler, Extractor  
  133  12:16  Drone x3  
  133  12:17  Drone  
  133  12:22  Drone x2  
  139  12:23  Drone  
  140  12:30  Infestation Pit  
  140  12:31  Hydralisk  
  140  12:32  Zergling x2  
  140  12:33  Lurker x2  
  140  12:36  Drone  
  145  12:38  Drone x2  
  145  12:40  Drone  
  145  12:41  Drone x2  
  145  12:42  Hydralisk  
  152  12:56  Hydralisk x4  
  154  13:06  Hydralisk  
  154  13:10  Hydralisk  
  150  13:13  Zergling x30  
  163  13:37  Overlord  
  163  13:38  Overlord  
  161  13:44  Hydralisk  
  161  13:45  Overlord  
  144  13:53  Hydralisk x3  
  144  13:54  Overlord  
  144  13:55  Drone x5  
  149  13:56  Drone x4  
  154  14:06  Drone  
  154  14:07  Drone  
  154  14:08  Drone x5  
  161  14:11  Lurker x2  
  161  14:12  Lurker x2  
  161  14:13  Lurker  
  166  14:19  Zergling x6  
  166  14:21  Drone  
  162  14:30  Hydralisk x4, Lurker x2  
  172  14:38  Drone  
  173  14:39  Drone  
  173  14:41  Spore Crawler  
  146  14:58  Hydralisk  
  146  14:59  Hydralisk  
  141  15:00  Hydralisk x7  
  141  15:02  Lurker x3  
  141  15:03  Lurker  
  161  15:10  Hydralisk  
  161  15:13  Hydralisk x5  
  133  15:30  Hydralisk x6  
  133  15:32  Zergling x2  
  133  15:34  Lurker x2  
  133  15:35  Zergling x2  
  149  15:38  Zergling x4  
  149  15:39  Zergling x8  
  155  15:45  Hydralisk  
  155  15:48  Hydralisk  
  148  15:50  Zergling x2  
  148  15:51  Zergling x2  
  150  15:59  Zergling x6  
  150  16:02  Zergling x2  
  150  16:03  Zergling x4  
  156  16:06  Zergling x8  
  126  16:28  Zergling x2  
  126  16:29  Hydralisk  
  126  16:30  Hydralisk x8  
  117  16:36  Hydralisk x2  
  118  16:40  Hydralisk  
  118  16:41  Hatchery  
  118  16:45  Hydralisk  
  120  16:51  Spine Crawler  
  120  16:53  Overseer  
  120  16:54  Hydralisk x2  
  119  16:58  Drone  
  124  17:04  Hydralisk  
  122  17:13  Hydralisk x5  
  132  17:17  Zergling x2  
  132  17:20  Zergling x2  
  132  17:23  Zergling x2  
  132  17:28  Hydralisk x3  
  140  17:30  Zergling x2  
  140  17:31  Zergling x4  
  140  17:32  Zergling x2  
  121  17:45  Hydralisk  
  121  17:46  Hydralisk x4  
  121  17:50  Hydralisk  
  121  17:51  Hydralisk  
  130  17:56  Zergling x2  
  130  17:57  Zergling x6  
  135  18:01  Lurker x3  
  138  18:15  Overseer, Hydralisk, Spore Crawler  
  139  18:20  Hydralisk  
  139  18:22  Hydralisk  
  142  18:39  Hatchery  
  141  18:46  Spine Crawler  
  140  18:50  Spine Crawler, Hydralisk x2  
  143  18:57  Hydralisk x5  
  143  19:00  Zergling x16  
  156  19:32  Hydralisk  
  156  19:33  Zergling x22  
  156  19:37  Hatchery, Zergling x2, Extractor x2  
  162  19:42  Zergling x16  
  170  19:56  Zergling x18  
  176  20:02  Lurker x3  
  168  20:19  Zergling x10  
  168  20:20  Zergling x2  
  131  20:25  Zergling x16  
  131  20:26  Zergling x2  
  127  20:38  Zergling x2  
  127  20:41  Hydralisk x4  
  127  20:42  Zergling x2  
  128  20:43  Zergling x6  
  125  21:02  Hydralisk x2  
  117  21:06  Zergling x4  
  102  21:21  Hydralisk x2  
  102  21:22  Zergling x2  
  102  21:23  Zergling x26  
  117  21:34  Hydralisk x2  
  117  21:36  Zergling x8  
  125  21:41  Zergling x2  
  125  21:43  Extractor  
  125  21:44  Extractor  
  125  21:45  Zergling x10  
  129  21:47  Queen  
  131  21:54  Extractor  
  131  22:00  Zergling x10  
  132  22:02  Zergling x4  
  123  22:19  Zergling x6  
  123  22:20  Zergling x26  
  139  22:25  Zergling x6  
  142  22:32  Hydralisk x6  
  142  22:36  Spine Crawler  
  153  22:37  Spine Crawler  
  153  22:39  Spine Crawler  
  147  22:53  Zergling x20  
  147  22:54  Zergling x12  
  159  23:02  Zergling x2  
  159  23:03  Zergling x12  
  124  23:08  Zergling x8  
  124  23:09  Zergling x4  
  114  23:15  Zergling x2  
  114  23:18  Zergling x4  
  114  23:23  Lurker x2  
  114  23:24  Lurker x2  
  85  23:35  Hydralisk  
  85  23:37  Hydralisk  
  85  23:38  Hydralisk x3  
  72  24:00  Hydralisk  
  67  24:04  Hydralisk x2  
  67  24:05  Zergling x2  
  66  24:28  Hydralisk  
  66  24:33  Hydralisk x3  
  69  24:52  Hydralisk  
  69  24:55  Hydralisk  
  73  25:08  Hydralisk  
  73  25:09  Hydralisk  
  75  25:41  Hydralisk x2  
  77  25:45  Overseer  
  65  26:02  Hydralisk x3  
  62  26:04  Zergling x2  
Tags
 
Add a new tag
Caveats
  • Supply blocks, unpowered buildings, or Contaminate may cause inaccurate times.
  • Supply counts are checked every 10 seconds.